 Dungeon Crawl Stone Soup version 0.25.1-9-gc5326a611f (webtiles) character file.

Game seed: 17185627450478197123

231 Oxidus the Firebug (level 6, -2/35 HPs)
             Began as a Gargoyle Fire Elementalist on Jan 3, 2021.
             Was an Initiate of Makhleb.
             Shot with an arrow by a centaur (11 damage)
             ... on level 6 of the Dungeon.
             The game lasted 00:13:04 (1074 turns).

Oxidus the Firebug (Gargoyle Fire Elementalist)     Turns: 1074, Time: 00:13:04

Health: -2/35      AC: 12    Str: 11    XL:     6   Next: 3%
Magic:  9/10       EV: 12    Int: 17    God:    Makhleb [......]
Gold:   63         SH:  0    Dex: 11    Spells: 3/10 levels left

rFire    . . .     SeeInvis .   q - +1 long sword (holy)
rCold    . . .     Gourm    .   (no shield)
rNeg     + . .     Faith    .   a - +0 robe
rPois    ∞         Spirit   .   i - +2 helmet
rElec    +         Reflect  .   (no cloak)
rCorr    .         Harm     .   (no gloves)
MR       .....                  b - +2 pair of boots
Stlth    ++........             (no amulet)
HPRegen  0.11/turn              (no ring)
MPRegen  0.12/turn              (no ring)

@: no status effects
A: negative energy resistance 1, electricity resistance, unbreathing,
petrification resistance, rot immunity, AC +4
a: Renounce Religion


You were on level 6 of the Dungeon.
You worshipped Makhleb.
Makhleb was noncommittal.
You were not hungry.

You visited 2 branches of the dungeon, and saw 7 of its levels.

You collected 63 gold pieces.

Inventory:

Hand Weapons
 d - a +0 hunting sling
 f - a +2 short sword of venom
 g - a +0 short sword of holy wrath
 q - a +1 long sword of holy wrath (weapon)
Missiles
 e - 4 javelins (quivered)
 h - 3 atropa-tipped darts
 n - 5 boomerangs
Armour
 a - a +0 robe (worn)
 b - a +2 pair of boots (worn)
 i - a +2 helmet (worn)
Wands
 k - a wand of digging (1)
 p - a wand of flame (29)
Scrolls
 j - a scroll of magic mapping {unknown}
 m - a scroll of identify {unknown}
Potions
 l - 2 potions of mutation {unknown}
 o - a potion of cancellation {unknown}
Comestibles
 c - 4 rations


   Skills:
 + Level 1.7 Fighting
 + Level 2.6 Short Blades
 + Level 2.2 Dodging
 + Level 2.5 Stealth
 + Level 2.6 Spellcasting
 + Level 1.8 Conjurations
 + Level 4.0 Fire Magic


You had 3 spell levels left.
You knew the following spells:

 Your Spells              Type           Power        Failure   Level  Hunger
a - Foxfire               Conj/Fire      ##..         5%          1    #......
b - Conjure Flame         Conj/Fire      ##......     16%         3    ###....
c - Inner Flame           Hex/Fire       #.......     24%         3    ###....

Your spell library contained the following spells:

 Spells                   Type           Power        Failure   Level  Hunger
 Sticky Flame             Conj/Fire      ##......     47%         4    #####..
 Fireball                 Conj/Fire      ##........   83%         5    ######.


Dungeon Overview and Level Annotations

Branches:
Dungeon (6/15)             Temple (1/1) D:4

Altars:
Cheibriados
Dithmenos
Gozag
Makhleb
Ru
Sif Muna
Trog
Uskayaw
Vehumet
Yredelemnul
The Shining One

Shops:
D:4 (


Innate Abilities, Weirdness & Mutations

You are resistant to torment.
Your stone body is resilient. (AC +4)
You are immune to poison.
You resist negative energy. (rN+)
You are resistant to electric shocks. (rElec)
You can survive without breathing.
You are immune to petrification.
You are immune to rotting.


Message History

Aiming: Throw Flame
Press: ? - help, Shift-Dir - straight line, f - centaur
Aim: a centaur, wielding a +2 shortbow of freezing and quivering 16 arrows The puff of flame hits the centaur.
The centaur is lightly wounded.
The centaur shoots an arrow.
The arrow hits you but does no damage.
Casting: Foxfire (safe; 5% risk of failure)
Confirm with . or Enter, or press ? or * to list all spells.
You conjure some foxfire!
The centaur shoots an arrow.
The arrow hits you but does no damage.
The centaur shoots an arrow.
The arrow hits you!
* * * LOW HITPOINT WARNING * * *
The arrow freezes you.
* * * LOW HITPOINT WARNING * * *
The foxfire hits the centaur.
The centaur is moderately wounded.
The foxfire hits the centaur.
The centaur is moderately wounded.
The centaur shoots an arrow.
The arrow hits you!
You die...

############# #[..........#
#### #...........# ....
#...........# # ....!
#...........# . .....#
#...........#[#
.....c######...........#.##
..........@................
.......(...................
.......(.###...........#.##
########.# ............#.#
#.#.#...........# # ...
............#
....####..####..... P.####
#### ..#### +# ..#


You could see a centaur.

Vanquished Creatures
  A phantom (D:4)
  A hound (D:5)
  A centaur skeleton (D:4)
  2 worker ants
  An adder (D:3)
  2 worms
  A dart slug (D:2)
  A leopard gecko (D:3)
  An orc (D:4)
  2 bats
  3 giant cockroaches
  A goblin (D:1)
  A hobgoblin (D:2)
  3 jackals (D:2)
  2 rats (D:2)
23 creatures vanquished.

Vanquished Creatures (others)
  An ogre (D:6)
  An iguana (D:6)
  34 foxfires
36 creatures vanquished.

Grand Total: 59 creatures vanquished

Notes
Turn   | Place    | Note
-------+----------+-------------------------------------------
     0 | D:1      | Oxidus the Gargoyle Fire Elementalist began the quest for
                  | the Orb.
     0 | D:1      | Reached XP level 1. HP: 10/10 MP: 3/3
   335 | D:2      | Reached XP level 2. HP: 11/16 MP: 5/5
   487 | D:2      | You fall into a shaft and drop 1 floor!
   503 | D:3      | Reached skill level 1 in Fighting
   503 | D:3      | Reached XP level 3. HP: 14/20 MP: 4/6
   649 | D:4      | Found Xenanit's Weapon Shop.
   649 | D:4      | Noticed a phantom
   673 | D:4      | Killed a phantom
   673 | D:4      | Reached skill level 1 in Short Blades
   673 | D:4      | Reached XP level 4. HP: 25/25 MP: 4/7
   673 | D:4      | Reached XP level 5. HP: 29/29 MP: 4/8
   758 | D:4      | Reached skill level 4 in Fire Magic
   832 | D:4      | Found a staircase to the Ecumenical Temple.
   854 | D:4      | Learned a level 3 spell: Conjure Flame
   858 | D:4      | Learned a level 3 spell: Inner Flame
   881 | Temple   | Entered the Ecumenical Temple
   907 | Temple   | Became a worshipper of Makhleb the Destroyer
   924 | D:5      | Entered Level 5 of the Dungeon
   973 | D:5      | Reached XP level 6. HP: 26/35 MP: 8/10
  1074 | D:6      | Shot with an arrow by a centaur

Illustrated notes

Levels and vault maps discovered:
D:1:      ncdulo_lavacross, layout_rooms
D:2:      layout_basic, grunt_temple_overflow_growth_and_decay, first_ration
D:3:      layout_loops_corners, lemuel_round_altar, zin_angel, uniq_sigmund
D:4:      layout_cave_pools, minmay_temple_entry_mist, serial_shops,
          nicolae_shop_temple_entry_statues_fountains,
          nicolae_ossuary_entry_giza
D:5:      layout_rooms, lemuel_round_altar, gammafunk_temple_overflow_wave,
          serial_shops, nicolae_shop_overgrown_old_shop, minmay_misc_feat_x
D:6:      corexii_shantytown, layout_basic, xom_confusion_cloud,
          chei_slow_surprise
Temple:   minmay_freezing_vapour_temple

Skill      XL: |  1  2  3  4  5 |
---------------+----------------+-----
Fighting       | 1 |  1.7
Short Blades   | 1 2 |  2.6
Dodging        | 2 |  2.2
Fire Magic     | 4 |  4.0
Stealth        | |  2.5
Spellcasting   | |  2.6
Conjurations   | |  1.8

Action                   |  1- 3 |  4- 6 || total
-------------------------+-------+-------++-------
Melee: Short sword       |    59 |    34 ||    93
 Cast: Foxfire           |    15 |     8 ||    23
Evoke: Wand              |       |     1 ||     1
  Eat: Ration            |       |     1 ||     1
Armor: Robe              |    32 |    22 ||    54
Dodge: Dodged            |    56 |    18 ||    74
